AoeStats
← HANNiBAL_iS_BACK

Arena

505290754Analyzed
4v4 RM · 24d ago on Sep 8, 2026· 46m 13s· 8 players
Game mode
Random Map
Map size
Large (8 player)
Population
200
Speed
Normal
Resources
Standard
Victory
Conquest
Starting age
Dark Age
Ending age
Imperial Age
RankedLock teamsTeams togetherTeam positionsShared explorationLock speedFull tech treeHidden civsTurbo modeCheats
Victory
Defeat
🇮🇳 Khmer · India
1015
+14
🇨🇳 Turks · China
1012
+14
🇧🇷 Romans · Brazil
989
+15
🇳🇴 Franks · Norway
968
+17
🇪🇸 Burgundians · Spain
991
-16
🇩🇪 Italians · Germany
990
-15
🇸🇪 Burmese · Sweden
982
-15
🇪🇸 Turks · Spain
946
-14
Patches
5:31 Loom
12:34 Feudal Age
16:18 Castle Age
17:03 Horse Collar
19:33 Heavy Plow
22:02 Wheelbarrow
23:41 Bloodlines
23:43 Scale Barding Armor
24:28 Hand Cart
24:23 Husbandry
29:58 Imperial Age
27:43 Gold Mining
28:21 Forging
28:31 Town Watch
29:30 Gold Shaft Mining
29:20 Chain Barding Armor
30:43 Iron Casting
31:56 Plate Barding Armor
32:40 Conscription
33:04 Crop Rotation
33:19 Howdah
35:10 Blast Furnace
34:22 Squires
35:01 Elite Battle Elephant
36:31 Manipur Cavalry
36:37 Scale Mail Armor
37:58 Squires
38:21 Chain Mail Armor
41:21 Light Cavalry
Sauron_aoe
10:57 Feudal Age
11:00 Double-Bit Axe
18:29 Castle Age
16:35 Horse Collar
16:47 Gold Mining
17:39 Forging
19:54 Scale Barding Armor
21:43 Bow Saw
22:31 Heavy Plow
23:56 Wheelbarrow
23:07 Loom
24:29 Chain Barding Armor
24:50 Cavalier
25:33 Husbandry
28:33 Iron Casting
28:06 Stone Mining
31:48 Imperial Age
30:10 Gold Shaft Mining
30:39 Two-Man Saw
30:19 Crop Rotation
33:46 Chemistry
32:07 Paladin
33:49 Blast Furnace
33:34 Plate Barding Armor
35:30 Hand Cart
35:57 Conscription
35:45 Burgundian Vineyards
HANNiBAL_iS_BACK
8:33 Loom
10:19 Feudal Age
15:31 Castle Age
13:33 Horse Collar
13:49 Double-Bit Axe
19:02 Heavy Plow
19:14 Bow Saw
26:12 Imperial Age
24:55 Fletching
25:52 Wheelbarrow
25:07 Town Watch
26:10 Ballistics
25:48 Bodkin Arrow
25:54 Padded Archer Armor
26:31 Treadmill Crane
27:56 Chemistry
27:15 Stone Mining
27:15 Gold Mining
29:00 Bracer
29:15 Leather Archer Armor
30:10 Two-Man Saw
30:49 Bloodlines
30:00 Light Cavalry
30:40 Husbandry
31:31 Crop Rotation
32:28 Thumb Ring
32:10 Treadmill Crane
32:13 Hussar
34:28 Conscription
34:42 Ring Archer Armor
34:27 Forging
35:07 Elite Genoese Crossbowman
35:55 Scale Barding Armor
36:18 Hand Cart
41:02 Hoardings
40:50 Silk Road
41:36 Stone Shaft Mining
42:25 Iron Casting
42:11 Chain Barding Armor
46:07 Plate Barding Armor
46:33 Blast Furnace
manejc94
10:55 Feudal Age
12:09 Gold Mining
12:28 Double-Bit Axe
14:23 Wheelbarrow
17:57 Castle Age
16:21 Horse Collar
19:48 Bow Saw
19:46 Heavy Plow
23:06 Imperial Age
21:33 Gold Shaft Mining
28:03 Treadmill Crane
30:01 Conscription
30:57 Two-Man Saw
29:52 Stone Mining
30:35 Hand Cart
30:07 Loom
32:09 Ballistics
33:07 Fletching
33:18 Padded Archer Armor
34:30 Artillery
39:15 Fortified Wall
41:20 Thumb Ring
41:42 Parthian Tactics
41:30 Bodkin Arrow
41:52 Leather Archer Armor
44:38 Bracer
45:08 Ring Archer Armor
MuffeLure
9:53 Loom
12:22 Feudal Age
16:52 Castle Age
17:50 Double-Bit Axe
18:55 Husbandry
22:33 Gold Mining
22:34 Stone Mining
23:41 Wheelbarrow
23:50 Wheelbarrow
27:22 Hand Cart
33:19 Imperial Age
32:07 Forging
32:03 Scale Barding Armor
32:52 Gold Shaft Mining
32:06 Town Watch
34:12 Iron Casting
33:59 Chain Barding Armor
33:21 Cavalier
34:05 Chivalry
34:26 Conscription
35:23 Paladin
37:22 Blast Furnace
38:00 Plate Barding Armor
37:07 Pikeman
37:33 Gambesons
37:49 Squires
40:49 Scale Mail Armor
41:07 Halberdier
44:15 Caravan
Maverick
11:19 Feudal Age
13:02 Loom
16:02 Castle Age
13:53 Double-Bit Axe
14:47 Horse Collar
15:55 Gold Mining
19:35 Wheelbarrow
22:42 Heavy Plow
24:43 Bow Saw
29:10 Imperial Age
26:29 Town Watch
27:13 Hand Cart
27:46 Gold Shaft Mining
27:56 Town Patrol
27:56 Stone Mining
29:45 Stone Shaft Mining
30:21 Conscription
31:14 Chemistry
31:01 Crop Rotation
30:23 Heavy Scorpion
31:41 Double Crossbow
32:53 Siege Engineers
32:44 Fletching
33:56 Hoardings
35:53 Forging
35:49 Scale Barding Armor
35:40 Bodkin Arrow
36:22 Husbandry
36:33 Bloodlines
35:43 Light Cavalry
35:53 Light Cavalry
37:20 Ballistics
37:11 Masonry
36:57 Murder Holes
37:12 Fortified Wall
36:41 Hussar
38:21 Chain Barding Armor
41:19 Iron Casting
42:01 Plate Barding Armor
41:27 Bracer
43:11 Architecture
44:37 Blast Furnace
Cutin Mele
1:57 Loom
10:39 Feudal Age
11:55 Double-Bit Axe
11:51 Horse Collar
12:02 Gold Mining
13:51 Wheelbarrow
20:36 Castle Age
21:18 Padded Archer Armor
21:08 Fletching
21:46 Bow Saw
21:37 Heavy Plow
22:14 Gold Shaft Mining
21:54 Stone Mining
22:57 Leather Archer Armor
22:37 Bodkin Arrow
28:34 Ballistics
28:52 Hand Cart
28:25 Town Watch
35:13 Imperial Age
33:50 Ballistas
35:11 Murder Holes
35:24 Heavy Scorpion
36:37 Ring Archer Armor
37:09 Chemistry
38:49 Conscription
41:49 Crop Rotation
40:45 Elite Centurion
42:46 Scale Barding Armor
42:41 Scale Mail Armor
42:51 Forging
44:43 Chain Barding Armor
44:38 Chain Mail Armor
46:37 Iron Casting
46:38 Plate Barding Armor
~斑驳~
10:33 Feudal Age
12:14 Loom
15:00 Castle Age
12:59 Horse Collar
14:43 Double-Bit Axe
16:23 Bow Saw
16:59 Heavy Plow
21:05 Fervor
27:42 Wheelbarrow
30:05 Imperial Age
28:13 Wheelbarrow
27:26 Town Watch
27:58 Gold Mining
28:16 Fletching
28:26 Padded Archer Armor
28:32 Scale Barding Armor
28:40 Bloodlines
29:29 Hand Cart
30:47 Bodkin Arrow
30:58 Scale Barding Armor
31:05 Forging
32:46 Two-Man Saw
31:52 Bracer
32:05 Forging
32:12 Leather Archer Armor
32:13 Guilds
32:29 Ballistics
32:30 Bombard Tower
32:24 Fortified Wall
33:28 Chain Barding Armor
34:02 Masonry
33:33 Treadmill Crane
34:14 Bombard Tower
35:03 Iron Casting
34:57 Parthian Tactics
33:53 Heavy Cavalry Archer
33:59 Heavy Cavalry Archer
34:46 Thumb Ring
36:28 Ring Archer Armor
36:34 Plate Barding Armor
36:18 Artillery
36:38 Conscription
36:38 Husbandry
36:09 Heavy Camel Rider
38:23 Sipahi
38:38 Hoardings
40:21 Murder Holes
40:57 Architecture
41:16 Coinage
40:46 Caravan
44:31 Banking
45:54 Sanctity
46:12 Theocracy
45:38 Devotion
45:38 Atonement
Connection lost

Rejoining the realm…

Still unreachable

The connection could not be restored.

Session expired

The server has moved on; the page needs a fresh start.